[Event "Team 45 45 League T40"]
[Site "Internet Chess Club"]
[Date "2009.02.21"]
[Round "4"]
[White "fishhead"]
[Black "markgravitygood"]
[Result "0-1"]
[WhiteElo "1721"]
[BlackElo "1804"]
[Opening "Caro-Kann: two knights, 3...Bg4"]
[ECO "B10"]
[Time "15:00:30"]
[TimeControl "2700+45"]

1. e4 c6 2. Nf3 d5 3. Nc3 Bg4 4. h3 Bxf3 5. Qxf3 Nf6 6. exd5 cxd5 7. Bb5+ Nc6 8.
O-O g6 9. d4 Bg7 10. Bf4 Rc8 11. Qe3 O-O 12. Rfe1 Qb6 13. Bxc6 Rxc6 14. Rab1 e6
15. Be5 Rfc8 16. Na4 Qa5 17. Nc5 Qxa2 18. Qf3 Ne8 19. Bxg7 Nxg7 20. c3 R6c7 21.
Nd3 a6 22. Ne5 Qb3 23. g4 h5 24. Kg2 Qc2 25. Nd3 a5 26. Rbc1 Qd2 27. Re2 Qg5 28.
Qg3 b5 29. f4 Qf6 30. Re5 b4 31. Nc5 bxc3 32. bxc3 Ra7 33. Ra1 Rb8 34. Ra2 hxg4
35. hxg4 Rb1 36. Ree2 g5 37. fxg5 Qf1+ {White forfeits on time} 0-1

[Event "Team 45 45 League T40"]
[Site "Internet Chess Club"]
[Date "2009.02.21"]
[Round "4"]
[White "ShanghaiTom"]
[Black "Mater"]
[Result "0-1"]
[WhiteElo "1725"]
[BlackElo "1683"]
[Opening "Sicilian: Tartakower variation"]
[ECO "B21"]
[Time "21:22:57"]
[TimeControl "2700+45"]

1. e4 c5 2. d4 cxd4 3. c3 d6 4. Nf3 Nf6 5. e5 dxe5 6. Nxe5 Nc6 7. Nxc6 bxc6 8.
cxd4 e6 9. Nc3 h6 10. Be2 Bb4 11. O-O O-O 12. Qa4 Qb6 13. Rd1 Nd5 14. Nxd5 exd5
15. a3 Bd6 16. b4 Bf5 17. Be3 a5 18. b5 cxb5 19. Bxb5 Rac8 20. Rac1 Bxa3 21.
Rxc8 Rxc8 22. Qxa3 Qxb5 23. Ra1 Ra8 24. h3 a4 25. Ra2 Qd3 26. Qb4 Qb1+ 27. Qxb1
Bxb1 28. Rb2 Bd3 29. Ra2 Bc4 30. Ra3 Bb3 31. Kf1 Rc8 32. Ke1 Rc2 33. Bc1 Ra2
{White resigns} 0-1

[Event "Team 45 45 League T40"]
[Site "Internet Chess Club"]
[Date "2009.02.22"]
[Round "4"]
[White "cknights"]
[Black "BraafPaard"]
[Result "1/2-1/2"]
[WhiteElo "1636"]
[BlackElo "1565"]
[Opening "QGD semi-Slav"]
[ECO "D43"]
[Time "12:30:08"]
[TimeControl "2700+45"]

1. d4 d5 2. c4 c6 3. Nc3 Nf6 4. Nf3 e6 5. Bf4 Bd6 6. Bg3 Qe7 7. e3 Nbd7 8. Qc2
e5 9. O-O-O e4 10. Nd2 Ng4 11. Nb3 Bxg3 12. hxg3 Ngf6 13. g4 g5 14. cxd5 cxd5
15. Nb5 O-O 16. Be2 a6 17. Nc3 Nb6 18. Nd2 Bxg4 19. f3 Bf5 20. fxe4 dxe4 21.
Rdf1 Bg6 22. Qd1 Qe6 23. Rh6 Rac8 24. Kb1 Kg7 25. Rfh1 Nbd5 26. Nxd5 Qxd5 27.
Qg1 Qc6 28. Qd1 b5 29. Nf1 Qd6 30. Qe1 Rc7 31. Nd2 Rfc8 32. Nb3 Qd5 33. Qg3 Rc6
34. Nc5 Ng8 35. R6h3 Nf6 36. Rh6 Ng8 37. R6h3 Nf6 38. Rh6 Ng8 {Game drawn by
repetition} 1/2-1/2

[Event "Team 45 45 League T40"]
[Site "Internet Chess Club"]
[Date "2009.02.21"]
[Round "4"]
[White "Ianjo"]
[Black "Bega"]
[Result "1-0"]
[WhiteElo "1878"]
[BlackElo "1806"]
[Opening "Evans gambit"]
[ECO "C52"]
[Time "13:00:35"]
[TimeControl "2700+45"]

1. e4 e5 2. Nf3 Nc6 3. Bc4 Bc5 4. b4 Bxb4 5. c3 Ba5 6. O-O Nge7 7. d4 exd4 8.
cxd4 d5 9. exd5 Nxd5 10. Qb3 Nce7 11. Ba3 Be6 12. Bxe7 Kxe7 13. Bxd5 Qxd5 14.
Qa3+ Kd8 15. Nc3 Bxc3 16. Qxc3 Re8 17. Rfc1 c6 18. Rab1 Re7 19. Qa3 Ke8 20. Re1
h6 21. Ne5 Qxa2 22. Qg3 Kf8 23. Qf3 a6 24. Ng6+ Ke8 25. Nxe7 Kxe7 26. Rxb7+ Kd8
27. Qxc6 Rc8 28. Qd6+ Ke8 29. Qe7# {Black checkmated} 1-0

[Event "Team 45 45 League T40"]
[Site "Internet Chess Club"]
[Date "2009.03.01"]
[Round "4"]
[White "ddlj81"]
[Black "Frieloe"]
[Result "0-1"]
[WhiteElo "1825"]
[BlackElo "1879"]
[Opening "Sicilian defense"]
[ECO "B44"]
[Time "14:04:15"]
[TimeControl "2700+45"]

1. e4 c5 2. Nf3 e6 3. d4 cxd4 4. Nxd4 Nc6 5. c4 Nf6 6. Nc3 Bb4 7. f3 d5 8. Bg5
dxe4 9. Bxf6 Qxf6 10. Nxc6 Bxc3+ 11. bxc3 Qxc3+ 12. Ke2 exf3+ 13. Kf2 bxc6 14.
Rc1 Qa3 15. Qxf3 Qxf3+ 16. Kxf3 c5 17. Bd3 Bb7+ 18. Be4 Bxe4+ 19. Kxe4 Ke7 20.
Rc3 Rhd8 21. Rb1 Rab8 22. Rxb8 Rxb8 23. Ra3 Rb7 24. Ra5 Rc7 25. a3 Kd7 26. h4 h5
27. Kf4 Ke7 28. Ke4 Kf6 29. a4 Ke7 30. Kf4 f6 31. Ke4 a6 32. Rxa6 Rd7 33. a5
Rd4+ 34. Kf3 Rxh4 35. Ra7+ Kd6 36. Rxg7 Rxc4 37. a6 Ra4 38. a7 Ke5 39. Rd7 Ra3+
40. Ke2 f5 41. Kd2 h4 42. Kc2 Kf4 43. Kb2 Ra5 44. Kb3 e5 45. Rg7 e4 46. Kc3 Ke3
47. Rh7 f4 48. Kc2 Kf2 49. Rxh4 Kg3 50. Rh7 Kxg2 51. Rg7+ Kf2 52. Rg4 Kf3 53.
Rg7 e3 54. Re7 Kf2 55. Kd3 Ra3+ 56. Kc4 e2 {White resigns} 0-1

[Event "Team 45 45 League T40"]
[Site "Internet Chess Club"]
[Date "2009.02.22"]
[Round "4"]
[White "LuxAeterna"]
[Black "whitetiger"]
[Result "0-1"]
[WhiteElo "1819"]
[BlackElo "1890"]
[Opening "Sicilian: dragon, Yugoslav attack, 9...Bd7"]
[ECO "B77"]
[Time "12:30:08"]
[TimeControl "2700+45"]

1. e4 c5 2. Nf3 d6 3. d4 cxd4 4. Nxd4 Nf6 5. Nc3 g6 6. Bc4 Bg7 7. f3 Nc6 8. Be3
O-O 9. Qd2 Bd7 10. Bb3 Rc8 11. O-O Ne5 12. Qe2 a6 13. Rad1 b5 14. Nd5 Nc4 15.
Bc1 Nxd5 16. exd5 Qb6 17. c3 Rfe8 18. Kh1 a5 19. Bc2 b4 20. Bb3 bxc3 21. bxc3
Ne5 22. Bd2 a4 23. Bc2 Nc4 24. Rb1 Qa7 25. Nc6 Bxc6 26. Qxc4 Bd7 27. Qd3 Bf5 28.
Qe2 Bxc2 29. Rb2 Bf5 30. g4 Bd7 31. Rfb1 Rb8 32. Rxb8 Rxb8 33. Rxb8+ Qxb8 34.
Qxe7 Qb1+ 35. Kg2 Qxa2 36. Qxd7 Qxd2+ 37. Kh3 Qxd5 38. Qe8+ Bf8 39. Qxa4 Qxf3+
40. Kh4 h6 41. g5 hxg5+ 42. Kxg5 Be7+ {White resigns} 0-1

[Event "Team 45 45 League T40"]
[Site "Internet Chess Club"]
[Date "2009.02.20"]
[Round "4"]
[White "siddhu"]
[Black "raimundo"]
[Result "1-0"]
[WhiteElo "1756"]
[BlackElo "1710"]
[Opening "Queen's pawn game"]
[ECO "E10"]
[Time "14:30:19"]
[TimeControl "2700+45"]

1. d4 Nf6 2. Nf3 e6 3. c4 d5 4. e3 Bb4+ 5. Bd2 Bxd2+ 6. Qxd2 c6 7. Nc3 dxc4 8.
Bxc4 b5 9. Bd3 Bb7 10. O-O Nbd7 11. Ne4 Nxe4 12. Bxe4 Nf6 13. Bd3 O-O 14. Rac1
Rc8 15. b4 a5 16. a3 Qd5 17. Rc5 Qb3 18. Rb1 Qxa3 19. Rc3 Qa4 20. Bc2 axb4 21.
Bxa4 bxc3 22. Qxc3 Nd5 23. Qd2 bxa4 24. Rxb7 Ra8 25. Qa2 Nc3 26. Qa1 Nb5 27. Ne5
a3 28. Nxc6 Nd6 29. Rb3 Ra6 30. Ne5 Ne4 31. Rxa3 Rxa3 32. Qxa3 Rb8 33. g3 f6 34.
Nc6 Rb1+ 35. Kg2 h6 36. Qa8+ Kh7 37. Ne7 h5 38. Qxe4+ {Black resigns} 1-0

[Event "Team 45 45 League T40"]
[Site "Internet Chess Club"]
[Date "2009.02.22"]
[Round "4"]
[White "xakelari"]
[Black "jesterday"]
[Result "1/2-1/2"]
[WhiteElo "2061"]
[BlackElo "1956"]
[Opening "Four knights: Rubinstein counter-gambit, exchange variation"]
[ECO "C48"]
[Time "15:34:52"]
[TimeControl "2700+45"]

1. e4 e5 2. Nf3 Nc6 3. Nc3 Nf6 4. Bb5 Nd4 5. Nxd4 exd4 6. e5 dxc3 7. exf6 Qxf6
8. dxc3 Bc5 9. O-O O-O 10. Qh5 d6 11. Bg5 Qe5 12. Be2 h6 13. Bh4 Qxh5 14. Bxh5
Bf5 15. Rfc1 Rfe8 16. Bf3 c6 17. Kf1 d5 18. Be2 Re6 19. Bd3 Bxd3+ 20. cxd3 Rae8
21. Re1 Bd6 22. Bg3 Bxg3 23. hxg3 f6 24. Rxe6 Rxe6 25. d4 Kf7 26. f3 g5 27. g4
Kg6 28. Re1 Rxe1+ 29. Kxe1 f5 30. Kf2 fxg4 31. fxg4 Kf6 {Game drawn by mutual
agreement} 1/2-1/2

[Event "Team 45 45 League T40"]
[Site "Internet Chess Club"]
[Date "2009.02.22"]
[Round "4"]
[White "makito"]
[Black "chipionero"]
[Result "1/2-1/2"]
[WhiteElo "1811"]
[BlackElo "1714"]
[Opening "King's Indian: Four pawns attack, dynamic line"]
[ECO "E76"]
[Time "11:33:04"]
[TimeControl "2700+45"]

1. c4 Nf6 2. Nc3 d6 3. d4 g6 4. e4 Bg7 5. f4 O-O 6. Nf3 c5 7. d5 e6 8. Bd3 exd5
9. cxd5 Qb6 10. Na4 Qc7 11. O-O Re8 12. Qc2 Nbd7 13. h3 Nf8 14. Be3 Nxd5 15.
Bxc5 Nxf4 16. Be3 Qxc2 17. Bxc2 Nh5 18. Kh2 f5 19. Nc3 fxe4 20. Ng5 Nf6 21. Bb3+
Ne6 22. Ngxe4 Nxe4 23. Nxe4 Bxb2 24. Rad1 Rd8 25. Bf4 Kg7 26. Bg3 Be5 27. Nxd6
Bxg3+ 28. Kxg3 Nc5 29. Rf7+ Kh8 30. Bc2 Be6 31. Rc7 b6 32. a3 Rd7 {Game drawn by
mutual agreement} 1/2-1/2

[Event "Team 45 45 League T40"]
[Site "Internet Chess Club"]
[Date "2009.02.23"]
[Round "4"]
[White "IceBox"]
[Black "besonegro"]
[Result "1/2-1/2"]
[WhiteElo "1731"]
[BlackElo "1730"]
[Opening "Caro-Kann: advance variation"]
[ECO "B12"]
[Time "12:02:59"]
[TimeControl "2700+45"]

1. e4 c6 2. d4 d5 3. e5 Bf5 4. c4 e6 5. Nf3 Nd7 6. Nc3 dxc4 7. Bxc4 Nb6 8. Be2
Ne7 9. O-O Ned5 10. Be3 Be7 11. Qd2 O-O 12. a3 a5 13. Rac1 Qd7 14. Bg5 Nxc3 15.
Rxc3 Rfd8 16. Bxe7 Qxe7 17. Rc5 Qxc5 18. dxc5 Rxd2 19. Nxd2 Na4 20. b4 axb4 21.
axb4 Nc3 22. Bc4 Rd8 23. Ra1 g6 24. Nf3 Bg4 25. Rc1 {Game drawn by mutual
agreement} 1/2-1/2

[Event "Team 45 45 League T40"]
[Site "Internet Chess Club"]
[Date "2009.02.22"]
[Round "4"]
[White "SlimeDog2"]
[Black "Ptzz"]
[Result "1-0"]
[WhiteElo "2209"]
[BlackElo "2100"]
[Opening "QGD Slav: 3.Nf3"]
[ECO "D11"]
[Time "14:02:32"]
[TimeControl "2700+45"]

1. d4 d5 2. c4 c6 3. Nf3 Nf6 4. Qc2 dxc4 5. Qxc4 Bf5 6. Nc3 Nbd7 7. g3 h6 8. Bg2
e6 9. O-O Be7 10. Rd1 Bc2 11. e3 Bxd1 12. Nxd1 O-O 13. Nc3 Rc8 14. Qa4 b5 15.
Qxa7 b4 16. Ne2 Ra8 17. Qb7 Qc8 18. Qxc8 Rfxc8 19. Bd2 Ne4 20. Be1 Nef6 21. Nc1
Ra7 22. Nd2 c5 23. dxc5 Nxc5 24. Kf1 Na4 25. Nd3 Nd5 26. e4 Nf6 27. Ke2 Rc2 28.
Kd1 Rac7 29. Rb1 Rc8 30. Nb3 Nd7 31. Nd4 R2c4 32. Ne2 R4c7 33. Bxb4 Bxb4 34.
Nxb4 Ne5 35. b3 Nc3+ 36. Nxc3 Rxc3 37. h3 Rd8+ 38. Ke2 Nc6 39. Nxc6 Rxc6 40. Rb2
e5 41. h4 Kf8 42. Bf1 Rc1 43. f3 Ke7 44. Kf2 Rdd1 45. Bc4 f6 46. a4 Kd6 47. a5
Kc7 48. a6 Kb6 49. Ra2 Ra1 50. Rxa1 Rxa1 51. f4 exf4 52. gxf4 Rh1 53. e5 fxe5
54. fxe5 Rxh4 55. e6 Re4 56. Kf3 Re1 57. Be2 Kc7 58. b4 Kd6 59. b5 Kxe6 60. a7
Ra1 61. b6 {Black resigns} 1-0

[Event "Team 45 45 League T40"]
[Site "Internet Chess Club"]
[Date "2009.02.21"]
[Round "4"]
[White "Zumbi"]
[Black "GeofDeV"]
[Result "1-0"]
[WhiteElo "2069"]
[BlackElo "1900"]
[Opening "Sicilian: Canal-Sokolsky (Nimzovich-Rossolimo, Moscow) attack"]
[ECO "B51"]
[Time "11:02:21"]
[TimeControl "2700+45"]

1. e4 c5 2. Nf3 d6 3. Bb5+ Nc6 4. O-O Bd7 5. Re1 Nf6 6. c3 a6 7. Bf1 g6 8. d4
cxd4 9. cxd4 Bg7 10. Nc3 b5 11. a3 O-O 12. h3 Rc8 13. Bg5 Qc7 14. e5 dxe5 15.
dxe5 Ne8 16. Nd5 Qd8 17. Rc1 f6 18. exf6 exf6 19. Bf4 Kh8 20. Nd4 Ne5 21. Rxc8
Qxc8 22. Nb6 Qb7 23. Nxd7 Qxd7 24. Bxe5 fxe5 25. Nf3 Qf5 26. Bd3 Qf4 27. Re4 Qf7
28. Qe2 Nd6 29. Nxe5 Qc7 30. Rh4 Nf5 31. Nxg6+ Kg8 32. Qe6+ Qf7 33. Ne7+ {Black
resigns} 1-0

[Event "Team 45 45 League T40"]
[Site "Internet Chess Club"]
[Date "2009.02.21"]
[Round "4"]
[White "taulanipov"]
[Black "pishd"]
[Result "0-1"]
[WhiteElo "2062"]
[BlackElo "1833"]
[Opening "French: advance, Nimzovich variation"]
[ECO "C02"]
[Time "07:14:36"]
[TimeControl "2700+45"]

1. e4 e6 2. d4 d5 3. e5 c5 4. Qg4 cxd4 5. Nf3 Nc6 6. Bd3 Qc7 7. Qg3 Nge7 8. O-O
Ng6 9. Re1 f6 10. Bxg6+ hxg6 11. Qxg6+ Qf7 12. Qxf7+ Kxf7 13. Bf4 Bd7 14. a3 a5
15. Nbd2 Bc5 16. Nb3 Bb6 17. Rad1 Rac8 18. Re2 g5 19. Bg3 a4 20. Nc1 g4 21. Ne1
fxe5 22. Ncd3 e4 23. Ne5+ Nxe5 24. Bxe5 Rh5 25. Bxd4 Bc7 26. f3 Bxh2+ 27. Kf2
Bb5 28. fxe4 Bxe2 29. Kxe2 e5 30. Be3 d4 31. Bd2 Ke6 32. c3 Rd8 33. Rc1 Bf4 34.
Rc2 Bxd2 35. Rxd2 Rh7 36. c4 Rc7 37. Kd3 Rdc8 38. Nc2 Rxc4 39. Nb4 R4c5 40. Rf2
Rh8 41. Rf1 Rh2 42. Rf2 g3 43. Re2 Rh1 44. Rd2 Re1 45. Nc2 Rf1 46. Nb4 Re1 47.
Nc2 Rf1 48. Nb4 Rc7 49. Re2 Rf2 50. Rxf2 gxf2 51. Ke2 Rf7 52. Kf1 Rf4 53. Nd3
Rxe4 54. Nxf2 Re3 55. Nd1 Rb3 56. Ke2 Kf5 {White resigns} 0-1

[Event "Team 45 45 League T40"]
[Site "Internet Chess Club"]
[Date "2009.02.24"]
[Round "4"]
[White "MRX"]
[Black "Kingofknights"]
[Result "1/2-1/2"]
[WhiteElo "1707"]
[BlackElo "1770"]
[Opening "Nimzovich-Larsen attack: classical variation"]
[ECO "A01"]
[Time "18:33:51"]
[TimeControl "2700+45"]

1. b3 d5 2. Bb2 c5 3. e3 Nc6 4. Bb5 Bd7 5. f4 Nf6 6. Nf3 e6 7. O-O Be7 8. Bxc6
Bxc6 9. Ne5 O-O 10. d3 Nd7 11. Nd2 Nxe5 12. Bxe5 Bf6 13. Qg4 Bxe5 14. fxe5 f5
15. exf6 Rxf6 16. Rxf6 Qxf6 17. Rf1 Qe7 18. Nf3 e5 19. Nh4 Rf8 20. Rxf8+ Kxf8
21. Qf5+ Kg8 22. Qc8+ Qe8 23. Qxe8+ Bxe8 24. Nf5 Bd7 25. Ne7+ Kf7 26. Nxd5 Ke6
27. e4 Kd6 28. Kf2 Bg4 29. Ke3 b5 30. c3 Bd1 31. b4 Bg4 32. h3 Be6 33. d4 cxd4+
34. cxd4 Bxd5 35. dxe5+ Kxe5 36. exd5 Kxd5 37. Kd3 a6 38. g3 g6 39. h4 h6 40. g4
Ke5 41. Ke3 Kd5 42. Kd3 Ke5 43. Ke3 {Game drawn by mutual agreement} 1/2-1/2

[Event "Team 45 45 League T40"]
[Site "Internet Chess Club"]
[Date "2009.02.20"]
[Round "4"]
[White "RiverOfLife"]
[Black "eurander"]
[Result "1/2-1/2"]
[WhiteElo "2082"]
[BlackElo "2208"]
[Opening "Caro-Kann: advance variation"]
[ECO "B12"]
[Time "17:03:06"]
[TimeControl "2700+45"]

1. e4 c6 2. d4 d5 3. e5 c5 4. dxc5 e6 5. Qg4 h5 6. Qg3 h4 7. Qg4 Nh6 8. Bxh6
Rxh6 9. Nf3 Nd7 10. Bb5 Rg6 11. Qd4 Rxg2 12. b4 Be7 13. Nbd2 f5 14. c4 Rg4 15.
Qc3 a5 16. a3 Kf8 17. cxd5 axb4 18. axb4 Rxa1+ 19. Qxa1 Rxb4 20. Bxd7 Bxd7 21.
d6 Bg5 22. Qc3 Bxd2+ 23. Nxd2 Qa5 24. Rg1 Ra4 25. Qxa5 Rxa5 26. f4 Rxc5 27. Nf3
Rc2 28. Nxh4 Rxh2 29. Nf3 Ra2 30. Rg3 Ra4 31. Ng5 Rxf4 32. Rh3 Kg8 33. Ra3 Ra4
34. Rxa4 Bxa4 35. Nxe6 Bc6 36. Ng5 Kf8 37. Kf2 Ke8 38. Ke3 Kd7 39. Nh7 Bd5 40.
Kd4 Bg8 41. Nf8+ Ke8 42. d7+ Ke7 43. e6 Bxe6 44. Nxe6 Kxd7 45. Nxg7 f4 {Game
drawn by mutual agreement} 1/2-1/2

[Event "Team 45 45 League T40"]
[Site "Internet Chess Club"]
[Date "2009.02.21"]
[Round "4"]
[White "pestka"]
[Black "PawnMorphy"]
[Result "1/2-1/2"]
[WhiteElo "2225"]
[BlackElo "1932"]
[Opening "English opening: Agincourt variation"]
[ECO "D43"]
[Time "14:33:26"]
[TimeControl "2700+45"]

1. c4 e6 2. Nf3 d5 3. d4 c6 4. Bg5 Nf6 5. Nc3 h6 6. Bxf6 Qxf6 7. e3 Nd7 8. Qc2
dxc4 9. Bxc4 Nb6 10. Be2 Bd6 11. O-O O-O 12. Ne4 Qe7 13. Nxd6 Qxd6 14. Rfd1 Rd8
15. Rac1 Nd5 16. Ne5 Bd7 17. Bf3 Qe7 18. a3 Be8 19. Qc5 Qxc5 20. Rxc5 Rac8 21.
Rdc1 f6 22. Nd3 Rc7 23. b4 a6 24. g3 Bg6 25. e4 Ne7 26. Nf4 Bf7 27. Ne2 Rcd7 28.
a4 f5 29. b5 cxb5 30. axb5 b6 31. Rc7 axb5 32. Rxd7 Rxd7 33. Rb1 fxe4 34. Bxe4
Bg6 35. Bxg6 Nxg6 36. Rxb5 Rd6 {Game drawn by mutual agreement} 1/2-1/2

[Event "Team 45 45 League T40"]
[Site "Internet Chess Club"]
[Date "2009.02.21"]
[Round "4"]
[White "LAJ"]
[Black "gok"]
[Result "1-0"]
[WhiteElo "1947"]
[BlackElo "1750"]
[Opening "Scotch game"]
[ECO "C45"]
[Time "07:58:37"]
[TimeControl "2700+45"]

1. e4 e5 2. Nf3 Nc6 3. d4 exd4 4. Nxd4 Bc5 5. Be3 Qf6 6. c3 d6 7. Bc4 Nge7 8.
O-O O-O 9. Nxc6 Nxc6 10. Bxc5 dxc5 11. f4 Be6 12. Bxe6 fxe6 13. Na3 Rad8 14. Qb3
Na5 15. Qa4 Nc6 16. Rad1 Rxd1 17. Qxd1 Qg6 18. Qe2 a6 19. Qc4 Kh8 20. Qxc5 Qxe4
21. Qxf8# {Black checkmated} 1-0

[Event "Team 45 45 League T40"]
[Site "Internet Chess Club"]
[Date "2009.02.23"]
[Round "4"]
[White "vollmerj"]
[Black "hondocando"]
[Result "0-1"]
[WhiteElo "1692"]
[BlackElo "1774"]
[Opening "Scandinavian defense"]
[ECO "B01"]
[Time "18:08:51"]
[TimeControl "2700+45"]

1. e4 d5 2. exd5 Nf6 3. Nc3 Nxd5 4. Nxd5 Qxd5 5. Qf3 e6 6. Qxd5 exd5 7. Nf3 Bd6
8. b3 O-O 9. d4 Bf5 10. c4 Re8+ 11. Be3 Bb4+ 12. Nd2 Nc6 13. Be2 dxc4 14. bxc4
Bc3 15. O-O-O Nb4 16. Ne4 Bxe4 17. Bd3 Nxd3+ 18. Kc2 Bxd4 19. Rxd3 Bxe3 20. fxe3
Rad8 21. Rd1 Rxd3 22. Rxd3 Rd8 {White resigns} 0-1